 Dungeon Crawl Stone Soup version 0.26.1-11-gd32895ea62 (webtiles) character file.

Game seed: 14467553730490586866

97 buriedalive the Chiller (level 4, 0/24 HPs)
             Began as a Deep Elf Ice Elementalist on June 2, 2021.
             Slain by a scorpion (3 damage)
             ... on level 3 of the Dungeon.
             The game lasted 00:03:44 (2907 turns).

buriedalive the Chiller (Deep Elf Ice Elementalist) Turns: 2907, Time: 00:03:45

Health: 0/24       AC:  4    Str:  5    XL:     4   Next: 42%
Magic:  10/10      EV: 14    Int: 21    God:
Gold:   77         SH:  0    Dex: 15    Spells: 8/9 levels left

rFire    . . .     SeeInvis .   q - +1 long sword (vorpal)
rCold    . . .     Faith    .   (no shield)
rNeg     . . .     Spirit   .   a - +0 robe
rPois    .         Reflect  .   (no helmet)
rElec    .         Harm     .   p - +0 cloak
rCorr    .         Rampage  .   o - +0 pair of gloves
Will     .....                  (no boots)
Stlth    ++........             (no amulet)
HPRegen  0.08/turn              (no ring)
MPRegen  0.12/turn              (no ring)

@: attractive
A: no striking features
a: no special abilities


You were on level 3 of the Dungeon.
You visited 1 branch of the dungeon, and saw 3 of its levels.

You collected 77 gold pieces.

Inventory:

Hand Weapons
 e - a +0 dagger
 q - a +1 vorpal long sword (weapon)
Missiles
 g - 24 stones
 m - 10 poisoned darts
Armour
 a - a +0 robe (worn)
 o - a +0 pair of gloves (worn)
 p - a +0 cloak (worn)
Jewellery
 r - a cursed ring of attention {unknown}
Scrolls
 b - a scroll of blinking {unknown}
 f - 3 scrolls of remove curse {unknown}
 i - 2 scrolls of enchant armour {unknown}
 k - 2 scrolls of teleportation {unknown}
 n - a scroll of identify {unknown}
Potions
 c - a potion of attraction
 h - a potion of degeneration {unknown}
 j - a potion of brilliance {unknown}
 l - a potion of curing {unknown}


   Skills:
 + Level 4.3 Dodging
 - Level 2.4 Stealth
 - Level 3.0 Spellcasting
 + Level 5.5 Ice Magic


You had 8 spell levels left.
You knew the following spells:

 Your Spells              Type           Power        Failure   Level
a - Freeze                Ice            100%         1%          1

Your spell library contained the following spells:

 Spells                   Type           Power        Failure   Level
 Frozen Ramparts          Ice            52%          4%          3
 Ozocubu's Armour         Ice            26%          4%          3
 Hailstorm                Conj/Ice       14%          38%         4
 Summon Ice Beast         Ice/Summ       14%          38%         4


Dungeon Overview and Level Annotations

Branches:
Dungeon (3/15)

Altars:
Fedhas
Kikubaaqudgha
Nemelex Xobeh
Okawaru
Uskayaw
Yredelemnul


Message History

The bat hits you but does no damage.
Casting: Freeze (safe; 1% risk of failure)
Confirm with . or Enter, or press ? or * to list all spells.
Aiming: Freeze (safe; 1% risk of failure)
Press: ? - help, Shift-Dir - straight line, f - scorpion
Aim: a scorpion You freeze the scorpion.
The scorpion is moderately wounded.
The bat barely misses you. The scorpion stings you!
* * * LOW HITPOINT WARNING * * *
The bat barely misses you.
You riposte.
You barely miss the bat.
Unknown command.
It was a potion of attraction.
You feel attractive to monsters. The bat barely misses you.
You riposte.
You barely miss the bat. The scorpion barely misses you.
It was a potion of magic.
Magic courses through your body. The bat hits you but does no damage.
The adder bites you but does no damage. The scorpion stings you.
You die...

######<......#
#...........##
.#.##.....#.##
.>.......##.#
##.##....##.#
###.###††)...#
.............#
#...###sS.##..#
#. #@#.# #.#
#b.†# .#
#...###....#
#.#. .#..# #.
.# .. .# .# ##
#


You could see a scorpion, an adder and a bat.

Vanquished Creatures
  3 adders (D:2)
  An ooze (D:2)
  2 dart slugs (D:1)
  3 leopard geckos
  An orc (D:3)
  A ball python (D:2)
  2 giant cockroaches
  3 goblins (D:2)
  6 hobgoblins
  4 jackals (D:2)
  2 quokkas
  8 bats
  6 frilled lizards
  8 kobolds
  4 rats
54 creatures vanquished.

Notes
Turn   | Place    | Note
-------+----------+-------------------------------------------
     0 | D:1      | buriedalive the Deep Elf Ice Elementalist began the quest
                  | for the Orb.
     0 | D:1      | Reached XP level 1. HP: 10/10 MP: 6/6
    48 | D:1      | Reached XP level 2. HP: 3/15 MP: 1/8
   820 | D:1      | Reached skill level 5 in Ice Magic
   820 | D:1      | Reached XP level 3. HP: 18/19 MP: 5/9
  1015 | D:2      | Found an ancient bone altar of Kikubaaqudgha.
  1127 | D:2      | Found an iron altar of Okawaru.
  1949 | D:2      | Reached XP level 4. HP: 24/24 MP: 6/10
  2013 | D:2      | Found a basalt altar of Yredelemnul.
  2248 | D:2      | Found a sparkling altar of Nemelex Xobeh.
  2256 | D:2      | Found a blossoming altar of Fedhas.
  2792 | D:2      | Found a hide-covered altar of Uskayaw.
  2907 | D:3      | Slain by a scorpion

Illustrated notes

Levels and vault maps discovered:
D:1:      scummos_arrival_hexagon, layout_rooms, serial_corexii_hall,
          chequers_hall_statues_corner_a, chequers_hall_statues_wall_a
D:2:      layout_loops_cross, lemuel_doored_altar, okawaru_trees_2,
          lemuel_round_altar, lemuel_coloured_pillars_altar,
          amethyst_overflow_temple_binary, kennysheep_generic_room_16
D:3:      layout_loops_corners, led_sif_book, nicolae_qazlal_eye_of_the_storm,
          minmay_starry_boxes, uniq_grinder

Skill      XL: |  1  2  3 |
---------------+----------+-----
Dodging        | 3 4 |  4.3
Ice Magic      | 5 |  5.5
Stealth        | |  2.4
Spellcasting   | |  3.0

Action                   |  1- 3 |  4- 6 || total
-------------------------+-------+-------++-------
Melee: Unarmed           |    29 |       ||    29
       Dagger            |    15 |     4 ||    19
       Long sword        |       |    13 ||    13
 Cast: Freeze            |    53 |    12 ||    65
  Use: Potion            |       |     2 ||     2
 Stab: Distracted        |     1 |     1 ||     2
       Sleeping          |     1 |     1 ||     2
Armor: Robe              |     9 |     9 ||    18
Dodge: Dodged            |    52 |    30 ||    82
       Rpst.: Long sword |       |     8 ||     8
